 Dungeon Crawl Stone Soup version 0.22.1-6-g1668fe2c40 (webtiles) character file.

1085 Jerry the Cudgeler (level 8, -2/94 HPs)
             Began as a Demonspawn Fighter on Jan 17, 2019.
             Succumbed to a gnoll sergeant's poison
             ... on level 5 of the Dungeon.
             The game lasted 00:12:08 (4772 turns).

Jerry the Cudgeler (Demonspawn Fighter)             Turns: 4772, Time: 00:12:09

Health: -2/94      AC: 24    Str: 20    XL:     8   Next: 9%
Magic:  8/8        EV:  2    Int:  9    God:
Gold:   68         SH:  0    Dex: 12    Spells: 7/7 levels left

rFire    . . .     SeeInvis .   h - +0 whip (freeze)
rCold    . . .     Gourm    .   (no shield)
rNeg     + + +     Faith    .   (armour currently unavailable)
rPois    +         Spirit   .   (helmet currently unavailable)
rElec    .         Reflect  .   (cloak currently unavailable)
rCorr    .         Harm     .   (gloves currently unavailable)
MR       .....     NoTele   +   (boots currently unavailable)
Stlth    +.........             (no amulet)
HPRegen  0.25/turn              n - ring of positive energy
MPRegen  0.11/turn              (no ring)

@: lethally poisoned (-2 -> -44), tree-form, hasted, very heavily drained, very
quick
A: powered by pain 1
a: no special abilities


You were on level 5 of the Dungeon.
You were hungry.
You were a tree.
You visited 2 branches of the dungeon, and saw 6 of its levels.

You collected 208 gold pieces.
You spent 140 gold pieces at shops.

Inventory:

Hand Weapons
 a - a +0 flail
 h - a +0 whip of freezing (weapon)
Armour
 b - a +0 scale mail (melded)
 c - a +0 shield
 v - a scarf of cloud immunity (melded)
Jewellery
 n - a ring of positive energy (left branch)
Wands
 g - a wand of acid (4)
 l - a wand of digging (7)
Scrolls
 e - a scroll of amnesia {unknown}
 i - 3 scrolls of teleportation {unknown}
 j - 2 scrolls of enchant weapon {unknown}
 m - a scroll of magic mapping {unknown}
 p - 3 scrolls of identify {unknown}
 q - 2 scrolls of fog {unknown}
 r - a scroll of fear {unknown}
 u - a scroll of brand weapon {unknown}
Potions
 d - 3 potions of haste
 k - 2 potions of lignification
 s - 2 potions of heal wounds {unknown}
 t - a potion of ambrosia {unknown}
 x - a potion of degeneration {unknown}
Comestibles
 f - 6 rations


   Skills:
 + Level 5.5(2.4) Fighting
 * Level 6.3(3.2) Maces & Flails
 + Level 5.1(2.0) Armour
 - Level 2.6(0.0) Shields


You had 7 spell levels left.
You didn't know any spells.
Your spell library was empty.

Dungeon Overview and Level Annotations

Branches:
Dungeon (5/15)             Temple (1/1) D:4

Altars:
Dithmenos
Hepliaklqana
Kikubaaqudgha
Makhleb
Nemelex Xobeh
Qazlal
Sif Muna
Trog
Vehumet
Wu Jian
Xom
The Shining One

Shops:
D:5 !


Innate Abilities, Weirdness & Mutations

((You have sharp fingernails.))
((You are mostly covered in iridescent scales. (AC +4)))
You sometimes gain a little power by taking damage.


Message History

Evoke which item? (* to show all) (? for menu, Esc to quit)
You don't have any such object.
Evoke which item? (* to show all) (? for menu, Esc to quit)
Okay, then.
Evoke which item? (* to show all) (? for menu, Esc to quit)
Okay, then.
* * * LOW HITPOINT WARNING * * *
You feel sick.
The gnoll sergeant hits you but does no damage.
You are more poisoned.
* * * LOW HITPOINT WARNING * * *
You feel very sick.
* * * LOW HITPOINT WARNING * * *
You feel very sick.
It was a potion of lignification.
You turn into a tree.
Your scarf of cloud immunity melds into your body.
Your +0 scale mail melds into your body.
You feel vulnerable to the effects of clouds.
Your roots penetrate the ground.
You die...

.. ##)#.##.#...#.###....###### .#
#....g......(.............. .###
##..#.####..................
.#.#.##..#.....g.g...............
..........[#####g##....(.....)###
...####.##.# #g##...#..##...#
.#.# #.##.# ###.###).#..##...###
.#.# ##.##.###.......>...........
.#.###..........♣###..........##.
....###.##...............###...#.
........##.#####........####...#.
.#...............................
.#....................######..##.
###........#####.#.#..........##.
###.######.# #.#.#.............
....# #.# #.#.#########.....
###.# #.# #.#.# #####.


You could see a gnoll sergeant and 3 gnolls.

Vanquished Creatures
  Sigmund (D:3)
  Eustachio (D:4)
  An ogre (D:5)
  A centaur (D:5)
  2 big kobolds (D:5)
  A scorpion (D:4)
  A jelly (D:3)
  A hound (D:5)
  An orc priest (D:3)
  An orc wizard (D:5)
  Natasha (twice) (D:3)
  2 worker ants
  3 worker ant zombies (D:5)
  7 adders
  An adder skeleton (D:5)
  3 worms
  4 dart slugs
  3 leopard geckos
  7 orcs
  2 ball pythons
  4 giant cockroaches
  7 goblins
  6 hobgoblins
  6 jackals
  8 bats
  10 frilled lizards
  14 kobolds
  7 rats
107 creatures vanquished.

Notes
Turn   | Place    | Note
-------+----------+-------------------------------------------
     0 | D:1      | Jerry the Demonspawn Fighter began the quest for the Orb.
     0 | D:1      | Reached XP level 1. HP: 18/18 MP: 1/1
    30 | D:1      | Reached skill level 2 in Maces & Flails
   164 | D:1      | Gained mutation: You sometimes gain a little power by
                  | taking damage. [demonic ancestry]
   164 | D:1      | Reached XP level 2. HP: 22/24 MP: 2/2
   760 | D:1      | Gained mutation: You are partially covered in iridescent
                  | scales. (AC +2) [demonic ancestry]
   760 | D:1      | Reached XP level 3. HP: 29/29 MP: 3/3
  1028 | D:2      | Found an ancient bone altar of Kikubaaqudgha.
  1186 | D:2      | You fall through a shaft for 2 floors!
  1237 | D:4      | Found a staircase to the Ecumenical Temple.
  1247 | Temple   | Entered the Ecumenical Temple
  1376 | D:4      | Reached skill level 3 in Maces & Flails
  1376 | D:4      | Reached XP level 4. HP: 25/35 MP: 4/4
  1525 | D:4      | Noticed Eustachio
  1568 | D:3      | Noticed Natasha
  1580 | D:3      | Killed Natasha
  2189 | D:3      | Noticed Sigmund
  2197 | D:2      | Gained mutation: You are mostly covered in iridescent
                  | scales. (AC +4) [demonic ancestry]
  2197 | D:2      | Reached XP level 5. HP: 41/42 MP: 5/5
  2269 | D:3      | Killed Sigmund
  2269 | D:3      | Reached skill level 4 in Maces & Flails
  2269 | D:3      | Reached XP level 6. HP: 32/48 MP: 6/6
  2386 | D:3      | Found a bloodstained altar of Trog.
  3074 | D:3      | Noticed Natasha
  3083 | D:3      | Killed Natasha
  3342 | D:4      | Killed Eustachio
  3342 | D:4      | Reached skill level 5 in Maces & Flails
  3342 | D:4      | Reached XP level 7. HP: 41/55 MP: 7/7
  3671 | D:5      | Entered Level 5 of the Dungeon
  3806 | D:5      | Found Emuamp's Distillery.
  3809 | D:5      | Bought a potion of haste for 140 gold pieces
  3869 | D:5      | Reached skill level 5 in Fighting
  4119 | D:5      | Reached skill level 6 in Maces & Flails
  4345 | D:5      | Reached skill level 5 in Armour
  4345 | D:5      | Gained mutation: You have sharp fingernails. [demonic
                  | ancestry]
  4345 | D:5      | Reached XP level 8. HP: 7/63 MP: 8/8
  4771 | D:5      | HP: 1/63 [poisoned by a gnoll sergeant]
  4772 | D:5      | Succumbed to a gnoll sergeant's poison

Skill      XL: |  1  2  3  4  5  6  7 |
---------------+----------------------+-----
Maces & Flails | 2 3 4 5 6 |  6.3
Armour         | 3 4 5 |  5.1
Fighting       | 4 5 |  5.5
Shields        | |  2.6

Action                   |  1- 3 |  4- 6 |  7- 9 || total
-------------------------+-------+-------+-------++-------
Melee: Flail             |    21 |       |       ||    21
       Whip              |   131 |   188 |   237 ||   556
Evoke: Wand              |       |     1 |     4 ||     5
  Use: Potion            |       |     2 |     2 ||     4
  Eat: Chunk             |     1 |     6 |     5 ||    12
Armor: Scale mail        |    98 |   115 |   119 ||   332
Dodge: Dodged            |    73 |   118 |    85 ||   276
